cohdb
Replays
Latest Replays
All Replays
Popular Replays
Top Player Replays
Match Explorer
How It Works
Community
CoH3 Stats
Reddit
Sign in to upload your games and track your stats! →
Sign in with Steam
Match 43060931
Unlisted
Match 43060931
Overview
Messages
Build Orders
End
Selects Italian Combined Arms Battlegroup
Selects Bersaglieri Squad
Bersaglieri Squad
Kradschützen Motorcycle Team
Bersaglieri Squad
Bersaglieri Squad
Construct Light Support Kompanie
Fire Support Elements
Flakvierling Half-track
2.5-tonne Medical Truck
MG34 Team
Vehicle Survival Package
MG34 Team
Veteran Squad Leaders
Construct Panzerarmee Kommand
Panzer III L Medium Tank
Emergency Repair Kits
Bersaglieri Squad
Panzergrenadier Squad
MG34 Team
Selects Semovente da 75/18 Assault Gun
Selects Carro Armato M13/40 Light Tank
Selects Artillery Cover
Artillery Cover
Armored Reserves
Tiger Heavy Tank
Advanced Optics
Rapid Advance
Kampfzeug
Trion
0
0
Comments
sign in to comment!
No comments posted yet!